AoeStats
← Mhafiki

Arabia

504402261Analyzed
3v3 RM · 27d ago on Sep 5, 2026· 42m 43s· 6 players
Game mode
Random Map
Map size
Normal (6 player)
Population
200
Speed
Normal
Resources
Standard
Victory
Conquest
Starting age
Dark Age
Ending age
Imperial Age
RankedLock teamsTeams togetherTeam positionsShared explorationLock speedFull tech treeHidden civsTurbo modeCheats
Victory
Defeat
🇺🇸 Bohemians · United States
1115
+11
🇺🇸 Vietnamese · United States
1062
+13
🇺🇸 Hindustanis · United States
1039
+15
🇵🇪 Huns · Peru
1009
-13
🇺🇸 Mongols · United States
998
-13
🇺🇸 Khmer · United States
995
-13
Xavi
9:04 Feudal Age
11:04 Loom
18:40 Castle Age
17:18 Double-Bit Axe
17:49 Gold Mining
17:41 Horse Collar
20:20 Heavy Plow
20:44 Bow Saw
28:50 Wheelbarrow
28:40 Fletching
31:30 Gold Shaft Mining
31:24 Hand Cart
31:38 Ballistics
38:09 Imperial Age
37:33 Bodkin Arrow
38:51 Padded Archer Armor
38:56 Scale Barding Armor
38:54 Husbandry
39:05 Bloodlines
42:46 Bracer
Enocxd123
10:39 Loom
12:29 Feudal Age
14:17 Wheelbarrow
18:05 Castle Age
17:13 Bloodlines
17:51 Scale Barding Armor
18:00 Forging
20:58 Husbandry
25:06 Chain Barding Armor
24:38 Fletching
26:41 Hand Cart
25:51 Crossbowman
27:31 Padded Archer Armor
30:38 Bodkin Arrow
30:59 Leather Archer Armor
34:34 Ballistics
34:27 Thumb Ring
39:40 Horse Collar
39:46 Double-Bit Axe
39:55 Gold Mining
41:47 Iron Casting
41:47 Bow Saw
gxapolinario95
7:14 Loom
12:17 Feudal Age
17:59 Castle Age
16:19 Double-Bit Axe
20:10 Bow Saw
20:17 Elite Skirmisher
23:53 Horse Collar
23:39 Pikeman
27:34 Scale Mail Armor
29:56 Wheelbarrow
30:18 Horse Collar
31:08 Gold Mining
32:41 Hand Cart
33:56 Light Cavalry
34:39 Crossbowman
35:33 Bloodlines
36:08 Husbandry
39:34 Imperial Age
38:17 Town Watch
38:29 Fletching
39:18 Forging
39:27 Bodkin Arrow
42:45 Conscription
43:27 Chain Mail Armor
DVaso
11:38 Feudal Age
10:00 Loom
12:04 Double-Bit Axe
12:00 Horse Collar
18:08 Castle Age
19:17 Bow Saw
19:08 Heavy Plow
20:57 Wheelbarrow
21:54 Scale Mail Armor
23:31 Forging
24:12 Chain Mail Armor
26:00 Iron Casting
26:47 Squires
33:49 Imperial Age
30:46 Elite Skirmisher
32:15 Fletching
33:19 Thumb Ring
33:10 Bodkin Arrow
33:15 Padded Archer Armor
34:46 Ballistics
34:39 Bracer
35:42 Chemistry
35:24 Hand Cart
34:54 Town Watch
36:42 Leather Archer Armor
39:00 Ring Archer Armor
38:51 Elite Rattan Archer
40:09 Paper Money
41:27 Two-Man Saw
Triqem
4:57 Loom
12:00 Feudal Age
19:19 Castle Age
18:39 Bloodlines
18:44 Double-Bit Axe
18:42 Horse Collar
21:11 Husbandry
24:05 Scale Barding Armor
24:11 Forging
24:29 Stone Mining
24:32 Gold Mining
24:53 Bow Saw
24:47 Heavy Plow
27:49 Chain Barding Armor
31:37 Stone Shaft Mining
33:53 Fletching
33:28 Light Cavalry
35:35 Iron Casting
35:03 Scale Mail Armor
35:39 Iron Casting
39:42 Imperial Age
39:22 Bodkin Arrow
39:44 Chain Mail Armor
41:58 Plate Barding Armor
42:32 Elite Ghulam
Mhafiki
6:11 Loom
11:07 Feudal Age
11:46 Horse Collar
11:52 Double-Bit Axe
12:49 Arson
19:54 Castle Age
21:20 Pikeman
22:17 Forging
22:08 Scale Mail Armor
23:02 Bow Saw
24:03 Heavy Plow
35:10 Imperial Age
36:07 Iron Casting
35:47 Chain Mail Armor
35:39 Halberdier
37:19 Wheelbarrow
37:48 Blast Furnace
38:04 Squires
38:36 Plate Mail Armor
39:08 Chemistry
38:30 Ballistics
39:41 Conscription
42:41 Hand Cart
Connection lost

Rejoining the realm…

Still unreachable

The connection could not be restored.

Session expired

The server has moved on; the page needs a fresh start.